 Dungeon Crawl Stone Soup version 0.29.0-11-gd7f09526c8 (webtiles) character file.

Game seed: 7593518311680294495

2970 magipi the Cleaver (level 9, 0/51 HPs)
             Began as a Gargoyle Fighter on Sept 6, 2022.
             Slain by a troll (7 damage)
             ... on level 7 of the Dungeon.
             The game lasted 00:17:45 (4817 turns).

magipi the Cleaver (Gargoyle Fighter)               Turns: 4817, Time: 00:17:46

Health: 0/51       AC: 17    Str: 23    XL:     9   Next: 82%
Magic:  9/9        EV:  7    Int:  8    God:
Gold:   170        SH:  4    Dex: 11    Spells: 8/8 levels left

rFire   . . .      SeeInvis .   a - +0 war axe
rCold   . . .      Faith    +   c - +0 buckler
rNeg    + . .      Spirit   .   z - +0 chain mail
rPois   ∞          Reflect  .   l - +0 helmet
rElec   +          Harm     .   (no cloak)
rCorr   .          Rampage  .   n - +0 pair of gloves
Will    .....                   (no boots)
Stlth   ..........              w - amulet of faith
HPRegen 0.17/turn               (no ring)
MPRegen 0.11/turn               (no ring)

@: invisible
A: sickness immunity, AC +6, negative energy resistance 1, electricity
resistance, torment resistance 1, petrification resistance
a: no special abilities


You were on level 7 of the Dungeon.
You visited 1 branch of the dungeon, and saw 7 of its levels.

You collected 270 gold pieces.
You spent 100 gold pieces at shops.

Inventory:

Hand Weapons
 a - a +0 war axe (weapon)
Armour
 c - a +0 buckler (worn)
 l - a +0 helmet (worn)
 n - a +0 pair of gloves (worn)
 z - a +0 chain mail (worn)
Jewellery
 w - an amulet of faith (around neck)
Wands
 s - a wand of mindburst (15)
 t - a wand of iceblast (5)
 A - a wand of flame (20)
Scrolls
 e - 3 scrolls of noise
 f - 3 scrolls of vulnerability {unknown}
 i - 2 scrolls of teleportation
 j - 5 scrolls of identify
 k - a scroll of torment {unknown}
 m - a scroll of magic mapping {unknown}
 p - a scroll of amnesia {unknown}
 u - 2 scrolls of butterflies
 v - 2 scrolls of enchant weapon {unknown}
 x - a scroll of fear {unknown}
 y - a scroll of immolation {unknown}
Potions
 d - a potion of experience {unknown}
 g - a potion of brilliance
 o - a potion of mutation
 q - a potion of magic
 r - 2 potions of lignification
 B - a potion of resistance {unknown}


   Skills:
 - Level 3.2 Fighting
 + Level 9.9 Axes
 - Level 3.2 Armour
 - Level 3.2 Shields
 + Level 7.3 Evocations


You had 8 spell levels left.
You didn't know any spells.
Your spell library contained the following spells:

 Spells                   Type           Power      Damage    Failure   Level
 Wereblood                Tmut           0%         N/A       100%        2
 Dazzling Flash           Conj/Hex       0%         N/A       100%        3
 Inner Flame              Hex/Fire       0%         N/A       100%        3
 Ozocubu's Armour         Ice            0%         N/A       100%        3
 Cause Fear               Hex            0%         N/A       100%        4
 Agony                    Necr           0%         N/A       100%        5
 Lee's Rapid Deconstruct  Erth           0%         3d5*      100%        5
 Silence                  Hex/Air        0%         N/A       100%        5
 Yara's Violent Unravell  Hex/Tmut       0%         3d3       100%        5
 Ozocubu's Refrigeration  Ice            0%         4d7       100%        7
 Discord                  Hex            0%         N/A       100%        8
 Statue Form              Tmut/Erth      Unusable   N/A       N/A         6

Dungeon Overview and Level Annotations

Branches:
Dungeon (7/15)
 Temple: D:4-7

Altars:
Cheibriados
Elyvilon
Makhleb
Okawaru

Shops:
D:3 ?([

Annotations:
D:5 1 runed translucent door, sanka's ghost, weakling MeDe


Innate Abilities, Weirdness & Mutations

You are immune to sickness and miasma.
Your stone body is resilient. (AC +6)
You are immune to poison.
You resist negative energy. (rN+)
You are resistant to electric shocks. (rElec)
You are resistant to unholy torment.
You are immune to petrification.


Message History

You miss the sky beast.
The sky beast is heavily wounded.
You block the sky beast's attack.
A kobold comes into view. It is wielding a +0 short sword.
The kobold shouts!
You hit the sky beast.
The sky beast is heavily wounded.
The kobold shouts!
You hear a shout!
You block the sky beast's attack.
You hit the sky beast.
The sky beast is severely wounded.
The kobold shouts!
You completely miss the sky beast.
The sky beast is severely wounded.
The sky beast closely misses you. x2
You strike the helpless sky beast from behind!
You slash the sky beast!
You kill the sky beast!
You slash the kobold!
You kill the kobold!
You hit the troll but do no damage.
The troll is lightly wounded.
The troll barely misses you. The troll claws you!
* * * LOW HITPOINT WARNING * * *
The troll barely misses you.
A kobold comes into view. It is wielding a +2 vorpal shortbow.
You hit the troll.
The troll is lightly wounded.
The troll bites you.
* * * LOW HITPOINT WARNING * * *
The troll barely misses you. The troll completely misses you.
You slash the troll!
The troll is heavily wounded.
The troll bites you but does no damage.
The troll claws you but does no damage. x2
The kobold shoots an arrow.
The arrow hits the troll!
Unknown command.
You closely miss the troll.
The troll is severely wounded.
The troll bites you but does no damage. The troll claws you!
You die...

♣|♣ #.##♣.♣##
#.#.♣)♣.#
#.#.)♣..#
#.#.Y...#
#.#..♣..#
#.#.♣.♣.#
#.###.############
#
#...K.T@.#.......#
#
#.##†.######.###.#
# #.##.## #.# #.#
# #....# #.#
#.####### ####.#
#.# #........ #.#
#.# #########
#.#######.#
#.........#
###########


You could see a troll (unable to see you) and a kobold (unable to see you).

Vanquished Creatures
  Prince Ribbit (D:6)
  A wyvern (D:7)
  A steam dragon (D:7)
  4 water moccasins
  An orc warrior (D:6)
  An ice beast (D:6)
  2 sky beasts (D:7)
  4 ogres
  The ghost of mtoz the Grasshopper, an amateur GnWr of Okawaru (D:3)
  2 centaurs (D:6)
  2 kobold brigands
  A necrophage (D:7)
  2 bullfrogs (D:7)
  A scorpion (D:4)
  3 howler monkeys
  A gnoll bouda (D:7)
  5 hounds
  3 orc wizards
  3 iguanas
  Robin (D:2)
  8 gnolls
  12 adders
  A worm (D:2)
  A dart slug (D:4)
  7 orcs
  6 ball pythons
  11 bats
  5 endoplasms
  2 giant cockroaches
  12 goblins
  11 hobgoblins
  2 jackals (D:1)
  18 kobolds
  A quokka (D:1)
  4 frilled lizards
  8 rats
149 creatures vanquished.

Vanquished Creatures (others)
  2 kobolds (D:3)
  6 plants
8 creatures vanquished.

Grand Total: 157 creatures vanquished

Notes
Turn   | Place    | Note
-------+----------+-------------------------------------------
     0 | D:1      | magipi the Gargoyle Fighter began the quest for the Orb.
     0 | D:1      | Reached XP level 1. HP: 14/14 MP: 1/1
    22 | D:1      | Reached skill level 2 in Axes
    85 | D:1      | Reached XP level 2. HP: 17/19 MP: 2/2
   217 | D:1      | Reached skill level 3 in Axes
   338 | D:1      | Reached XP level 3. HP: 20/23 MP: 3/3
   617 | D:2      | Noticed Robin
   623 | D:2      | Killed Robin
   624 | D:2      | Reached XP level 4. HP: 28/28 MP: 4/4
   674 | D:2      | Reached skill level 4 in Axes
  1166 | D:3      | Found Zuanias's Weapon Boutique.
  1180 | D:3      | Found Axytwus's Antique Armour Shop.
  1384 | D:3      | Found a burning altar of Makhleb.
  1443 | D:3      | Found an iron altar of Okawaru.
  1450 | D:3      | Found a snail-covered altar of Cheibriados.
  1503 | D:3      | Reached XP level 5. HP: 31/32 MP: 5/5
  1566 | D:3      | Found a runed translucent gate.
  1566 | D:3      | Found a runed translucent gate.
  1566 | D:3      | Found a runed translucent gate.
  1567 | D:3      | Noticed a kobold brigand
  1567 | D:3      | Noticed mtoz's ghost (amateur GnWr)
  1587 | D:3      | Found Suaceyly's Magic Scroll Shoppe.
  1594 | D:3      | Killed a kobold brigand
  1595 | D:3      | Reached skill level 5 in Axes
  1605 | D:3      | Killed mtoz's ghost
  1606 | D:3      | Reached XP level 6. HP: 30/37 MP: 6/6
  1633 | D:3      | Bought a scroll of teleportation for 30 gold pieces
  1633 | D:3      | Bought a scroll of identify for 20 gold pieces
  1633 | D:3      | Bought a scroll of butterflies for 40 gold pieces
  1633 | D:3      | Bought a scroll of noise for 10 gold pieces
  1776 | D:4      | Identified the +7 whip "Suil" {flame, Int+2 Stlth+}
  1845 | D:4      | Reached skill level 6 in Axes
  2006 | D:4      | Found a white marble altar of Elyvilon.
  2077 | D:4      | Got Imos's Anthology of Geological Shapeshifting
  2116 | D:5      | Entered Level 5 of the Dungeon
  2211 | D:5      | Reached XP level 7. HP: 33/41 MP: 7/7
  2219 | D:5      | Reached skill level 1 in Evocations
  2310 | D:5      | Found a runed translucent door.
  2316 | D:5      | Noticed sanka's ghost (weakling MeDe)
  2469 | D:5      | Reached skill level 7 in Axes
  2662 | D:5      | Reached XP level 8. HP: 9/46 MP: 8/8
  2928 | D:5      | You fall into a shaft and drop 1 floor!
  3183 | D:6      | Reached skill level 8 in Axes
  3185 | D:6      | Noticed Prince Ribbit
  3209 | D:6      | HP: 1/46 [gnoll/+0 halberd (5)]
  3212 | D:6      | Killed Prince Ribbit
  3213 | D:6      | Reached skill level 5 in Evocations
  3566 | D:6      | Reached XP level 9. HP: 19/51 MP: 9/9
  3824 | D:6      | Noticed a boulder beetle
  3824 | D:6      | Noticed a two-headed ogre
  4132 | D:7      | Reached skill level 9 in Axes
  4767 | D:7      | Identified the +9 arbalest of the Unliving {speed, Dex+3}
  4785 | D:7      | Noticed a troll
  4817 | D:7      | Slain by a troll

Illustrated notes

Levels and vault maps discovered:
D:1:      nicolae_arrival_memento_mori, layout_basic,
          shapermc_ecumenical_altar_petra, minmay_nonomino_d4
D:2:      layout_basic, serial_bayou_lagoon_a, chequers_serial_rivers_micro_a,
          nicolae_eternal_life, uniq_robin
D:3:      layout_basic, mainiacjoe_overflow_tiny_flanked,
          grunt_temple_overflow_open, gammafunk_ghost_nasty_kobolds,
          serial_shops, nicolae_shop_trees, nicolae_shop_advertising_works
          [nicolae_subvault_shop_adworks], nicolae_shop_bloodbath_and_beyond,
          amcnicky_mini_corridor_feature
D:4:      layout_cave_pools, mainiacjoe_overflow_brackets,
          minmay_misc_feat_rugged
D:5:      layout_loops_ring, minmay_temple_entry_glassed_door,
          ebering_ghost_sewer_d
D:6:      cheibrodos_barr_body, layout_basic, dreamdust_princess_bridge,
          nicolae_titane, uniq_prince_ribbit1
D:7:      nzn_winding_woodlands_large [nzn_winding_woodlands_5x5_cross,
          nzn_winding_woodlands_5x15_twine, nzn_winding_woodlands_hourglass,
          nzn_winding_woodlands_center_lodge,
          nzn_winding_woodlands_15x15_eel_pit,
          nzn_winding_woodlands_center_triple_pond,
          nzn_winding_woodlands_5x5_perimeter,
          nzn_winding_woodlands_5x15_jagged, nzn_winding_woodlands_5x5_default],
          layout_basic

Skill      XL: |  1  2  3  4  5  6  7  8  9 |
---------------+----------------------------+-----
Axes           | 2 3 4 5 6 7 8 9 |  9.9
Evocations     | 3 5 7 |  7.3
Fighting       | |  3.2
Armour         | |  3.2
Shields        | |  3.2

Action                   |  1- 3 |  4- 6 |  7- 9 || total
-------------------------+-------+-------+-------++-------
Melee: War axe           |   102 |   187 |   270 ||   559
Evoke: Wand              |       |       |    12 ||    12
  Use: Potion            |       |     1 |     6 ||     7
       Scroll            |       |       |     7 ||     7
 Stab: Invisible         |       |     1 |     3 ||     4
Armor: Scale mail        |    58 |   128 |    75 ||   261
       Chain mail        |       |       |   114 ||   114
Dodge: Dodged            |    59 |    84 |   124 ||   267
Block: Buckler           |    22 |    29 |    38 ||    89
